 Dungeon Crawl Stone Soup version 0.29-a0-96-g93358da72b (webtiles) character file.

Game seed: 4386693831434527840

2 Sweetruy1997 the Skirmisher (level 1, -5/18 HPs)
             Began as a Demonspawn Chaos Knight on Feb 11, 2022.
             Was a Plaything of Xom.
             Slain by an elephant (glowing shapeshifter) (18 damage)
             ... on level 1 of the Dungeon.
             The game lasted 00:00:27 (149 turns).

Sweetruy1997 the Skirmisher (DsCK)                   Turns: 149, Time: 00:00:27

Health: -5/18      AC:  5    Str: 12    XL:     1   Next: 33%
Magic:  1/1        EV: 11    Int: 13    God:    Xom [..*...]
Gold:   0          SH:  0    Dex: 12    Spells: 0/0 levels left

rFire   . . .      SeeInvis .   a - +0 hand axe (chaos)
rCold   . . .      Faith    .   (no shield)
rNeg    . . .      Spirit   .   b - +2 leather armour
rPois   .          Reflect  .   (no helmet)
rElec   .          Harm     .   (no cloak)
rCorr   .          Rampage  .   (no gloves)
Will    .....                   (no boots)
Stlth   +.........              (no amulet)
HPRegen 0.06/turn               (no ring)
MPRegen 0.07/turn               (no ring)

@: no status effects
A: no striking features
a: Renounce Religion


You were on level 1 of the Dungeon.
You worshipped Xom.
You were a toy of Xom.
You visited 1 branch of the dungeon, and saw 1 of its levels.

Inventory:

Hand Weapons
 a - a +0 hand axe of chaos (weapon)
Armour
 b - a +2 leather armour (worn)
Scrolls
 c - a scroll of magic mapping {unknown}


   Skills:
 + Level 3.2 Fighting
 + Level 2.6 Axes
 + Level 1.7 Armour
 + Level 0.8 Dodging


You couldn't memorise any spells.
You didn't know any spells.
Your spell library was empty.

Dungeon Overview and Level Annotations

Branches:
Dungeon (1/15)

Altars:


Message History

There is a stone staircase leading down here.
You see here 21 stones.
You see here 19 sling bullets.
A goblin comes into view. It is wielding a +0 dagger.
The goblin shouts!
A goblin is nearby!
A quokka comes into view.
A hobgoblin comes into view.
The goblin hits you but does no damage.
You closely miss the goblin. The goblin hits you but does no damage.
You closely miss the goblin. The goblin hits you but does no damage.
You barely miss the goblin. You closely miss the quokka.
The quokka closely misses you.
You closely miss the goblin. You barely miss the quokka.
The quokka barely misses you. The goblin barely misses you.
The quokka bites you but does no damage.
You barely miss the hobgoblin. You miss the quokka.
You hit the goblin but do no damage. The hobgoblin hits you.
The goblin hits you but does no damage. The quokka bites you.
The hobgoblin barely misses you.
You hit the hobgoblin but do no damage.
The hobgoblin is poisoned.
You barely miss the goblin. You closely miss the quokka.
The quokka completely misses you. The goblin barely misses you.
The hobgoblin closely misses you. The quokka bites you.
You hit the hobgoblin.
You kill the hobgoblin!
You barely miss the quokka. You hit the goblin.
The goblin changes into a glowing shapeshifter!
Xom thinks this is hilarious!
The glowing shapeshifter changes into an elephant!
The quokka barely misses you. "See what I see, my child!"
You detect creatures!
You see here a scroll labelled ZATUEW LUCKA.
c - a scroll labelled ZATUEW LUCKA The quokka bites you but does no damage.
The elephant tramples you!!
Ouch! That really hurt!
You die...
Xom thinks this is hilarious!

.....................
#...#..##.....#.#####
#......######.#(###
#......# #......#
#.....## #......#
#).....####......###
..###...!.....##........
......Yr.#..#.####.####.
..#....@..#.#.# #.# #. g
..............# #.####.
r ..#.......#..##
#...... ##.........##.#
#..#### #.#.......##.#
#..# #.#####.#.##.##
#..# S #.#.##..# #(.####
....###.## #...... J ..
.. #..###.#....


You could see an elephant shaped shifter and a quokka.

Vanquished Creatures
  2 hobgoblins (D:1)
2 creatures vanquished.

Notes
Turn   | Place    | Note
-------+----------+-------------------------------------------
     0 | D:1      | Sweetruy1997 the Demonspawn Chaos Knight began the quest
                  | for the Orb.
     0 | D:1      | Reached XP level 1. HP: 18/18 MP: 1/1
   145 | D:1      | Noticed a glowing shapeshifter
   145 | D:1      | a goblin changed into a glowing shapeshifter
   145 | D:1      | Noticed an elephant
   145 | D:1      | a glowing shapeshifter changed into an elephant
   146 | D:1      | XOM: divination: detect creatures
   149 | D:1      | Slain by an elephant (glowing shapeshifter)

Illustrated notes

Levels and vault maps discovered:
D:1:      wander_arrival_desolate, layout_basic

Action                   || total
-------------------------++-------
Melee: Hand axe          ||     8
Armor: Leather armour    ||     6
Dodge: Dodged            ||     9

Table legend: (Time is in decaauts)
 A = Elapsed time spent in this place.
 B = Non-inter-level travel time spent in this place.
 C = Inter-level travel time spent in this place.
 D = Time resting spent in this place.
 E = Time spent auto-exploring this place.
 F = Levels seen in this place.
 G = Mean time per level.
                   A        B        C        D        E       F      G
               +--------+--------+--------+--------+--------+-----+--------+
         Total |    150 |    150 |      0 |      0 |    128 |   1 |  150.0 |
       Dungeon |    150 |    150 |      0 |      0 |    128 |   1 |  150.0 |
               +--------+--------+--------+--------+--------+-----+--------+

Top non-repeatable levels by time:
     D:1: 150 daAuts
